cohdb
Replays
Latest Replays
All Replays
Popular Replays
Top Player Replays
Match Explorer
How It Works
Community
CoH3 Stats
Reddit
Sign in to upload your games and track your stats! →
Sign in with Steam
Match 42513816
Unlisted
Match 42513816
Overview
Messages
Build Orders
End
Kradschützen Motorcycle Team
Panzerpioneer Squad
Panzergrenadier Squad
Panzergrenadier Squad
Panzergrenadier Squad
Construct Light Support Kompanie
Fire Support Elements
Flakvierling Half-track
2.5-tonne Medical Truck
Vehicle Survival Package
Pak 38 Mechanized Group
Selects Battlefield Espionage Battlegroup
Selects 250/3 Funkpanzerwagen
Selects Anti-Tank Incendiary Munitions
Construct Panzerarmee Kommand
Selects Intel Disruption Beacon
Selects Transfer Depots
Panzer III L Medium Tank
Emergency Repair Kits
desertBeliever
Mrs Bean
0
0
Comments
sign in to comment!
No comments posted yet!